 Dungeon Crawl Stone Soup version 0.32-a0-128-g77eb882913 (webtiles) character file.

Game seed: 14763355505641028037

79381 puppykicker the Slicer (level 15, -4/118 HPs)
             Began as a Naga Enchanter on Feb 7, 2024.
             Was an Elder of Hepliaklqana.
             Killed from afar by a deep elf pyromancer (28 damage)
             ... with a bolt of fire
             ... on level 13 of the Dungeon.
             The game lasted 01:34:02 (22501 turns).

puppykicker the Slicer (Naga Enchanter)            Turns: 22501, Time: 01:34:02

Health: -4/118     AC: 30    Str: 12    XL:     15   Next: 63%
Magic:  27/27      EV:  8    Int: 22    God:    Hepliaklqana [****..]
Gold:   565        SH:  5    Dex: 11    Spells: 1/30 levels left

rFire   . . .        a - +5 rapier (elec)
rCold   + + .        (no shield)
rNeg    . . .        U - +2 robe {rC+} {rC+}
rPois   +            n - +0 helmet of Vepposh {Rampage Regen+}
rElec   +            z - +0 cloak
rCorr   +            o - +2 pair of gloves
SInv    +            O - +6 lightning scales {swift, rElec}
Will    +....        S - amulet of Altruism {Reflect rElec SH+5}
Stlth   ++           J - +4 ring of protection
HPRegen 1.19/turn    C - ring of resist corrosion
MPRegen 0.20/turn

%: reflection, rampage
@: on fire, about to teleport, glowing, slow
A: reduced essence, AC +5, large, see invisible, deformed body, poison
resistance, slowness 2, spit poison 1, naga tail 2, iridescent scales 1, cold
resistance 1
a: Spit Poison, Renounce Religion, Recall Ancestor, Ancestor Identity,
Transference, Idealise


You were on level 13 of the Dungeon.
You worshipped Hepliaklqana.
Hepliaklqana was greatly pleased with you.
You visited 4 branches of the dungeon, and saw 21 of its levels.
You also visited: Gauntlet.

You collected 2017 gold pieces.
You spent 1452 gold pieces at shops.

Inventory:

Hand Weapons
 a - a +5 rapier of electrocution (weapon)
 b - a +4 rapier of venom
 p - a +1 bardiche of venom
 w - the +9 dagger of Lofyuth {speed, rElec rF- rC++ Int+2}
   (You found it on level 5 of the Dungeon)

   Int+2:     It affects your intelligence (+2).
   rF-:       It makes you vulnerable to fire.
   rC++:      It greatly protects you from cold.
   rElec:     It insulates you from electricity.
 T - a +1 antimagic short sword
Missiles
 s - a throwing net (quivered)
 x - a curare-tipped dart
 L - 32 poisoned darts
Armour
 n - the +0 helmet of Vepposh (worn) {Rampage Regen+}
   (You acquired it on level 7 of the Dungeon)

   Regen+:    It increases your rate of health regeneration.
   Rampage:   It bestows one free step when moving towards enemies.
 o - a +2 pair of gloves (worn)
 z - a +0 cloak (worn)
 O - the +6 lightning scales (worn) {swift, rElec}
   (You acquired it on level 5 of the Dungeon)

   Swift:     It allows the wearer to cover ground more swiftly.
   rElec:     It insulates you from electricity.
 P - a scarf of resistance
 U - a +2 robe of cold resistance (worn) {rC+}
Jewellery
 q - a ring of ice {rC+, rF-}
 C - a ring of resist corrosion (right hand)
 F - a ring of protection from fire
 J - a +4 ring of protection (left hand)
 S - the amulet of Altruism (around neck) {Reflect rElec SH+5}
   (You acquired it on level 8 of the Dungeon)

   [amulet of reflection]

   Reflect:   It reflects blocked missile attacks.
   rElec:     It insulates you from electricity.
   SH+5:      It affects your SH (+5).
Wands
 d - a wand of flame (7)
 v - a wand of paralysis (25)
 D - a wand of digging (5)
Scrolls
 e - 5 scrolls of fear
 f - 2 scrolls of fog
 g - a scroll of enchant armour
 i - 2 scrolls of identify
 t - 8 scrolls of teleportation
 u - 4 scrolls of poison
 y - 2 scrolls of immolation {!r}
 A - 2 scrolls of revelation
 B - a scroll of blinking {!r}
 E - 3 scrolls of butterflies
 H - 4 scrolls of silence
 N - a scroll of amnesia
Potions
 c - 5 potions of invisibility
 h - 2 potions of attraction {!q}
 j - 2 potions of brilliance
 k - 2 potions of mutation {!q}
 l - 7 potions of curing
 m - a potion of resistance
 r - 6 potions of haste
 G - a potion of cancellation
 K - 4 potions of ambrosia
 M - a potion of berserk rage {!q}
 X - 2 potions of lignification {!q}
Miscellaneous
 Z - a phantom mirror


   Skills:
 + Level 8.3 Fighting
 - Level 14.0 Short Blades
 + Level 4.4 Polearms
 + Level 4.4 Armour
 + Level 2.3 Dodging
 - Level 10.0 Stealth
 - Level 8.0 Spellcasting
 - Level 8.0 Conjurations
 - Level 8.0 Hexes
 - Level 5.0 Necromancy
 - Level 3.0 Translocations
 - Level 8.0 Fire Magic
 + Level 8.0 Ice Magic
 - Level 4.0 Alchemy
 + Level 6.0 Invocations
 + Level 5.4 Evocations


You had one spell level left.
You knew the following spells:

 Your Spells              Type           Power      Damage    Failure   Level
a - Sting                 Conj/Alch      100%       1d9       1%          1
b - Dazzling Flash        Conj/Hex       88%        N/A       1%          3
d - Tukima's Dance        Hex            44%        N/A       1%          3
e - Ensorcelled Hibernat  Hex/Ice        88%        N/A       1%          2
f - Fireball              Conj/Fire      22%        3d10      8%          5
g - Apportation           Tloc           44%        N/A       2%          1
h - Lesser Beckoning      Tloc           44%        N/A       3%          2
p - Blink                 Tloc           44%        N/A       3%          2
v - Vampiric Draining     Necr           30%        2d8       2%          3
z - Ozocubu's Refrigerat  Ice            22%        4d12      93%         7

Your spell library contained the following spells:

 Spells                   Type           Power      Damage    Failure   Level
 Foxfire                  Conj/Fire      100%       2x1d9     1%          1
 Necrotise                Necr           100%       1d9       1%          1
 Summon Small Mammal      Summ           32%        N/A       8%          1
 Momentum Strike          Conj/Tloc      66%        3d9       1%          2
 Sublimation of Blood     Necr           30%        N/A       1%          2
 Confusing Touch          Hex            44%        N/A       1%          3
 Hailstorm                Conj/Ice       44%        3d9       1%          3
 Mercury Vapours          Alch/Air       34%        N/A       4%          2
 Summon Ice Beast         Ice/Summ       26%        N/A       4%          3
 Gell's Gravitas          Tloc           22%        N/A       6%          3
 Teleport Other           Tloc           22%        N/A       6%          3
 Iskenderun's Mystic Bla  Conj/Tloc      33%        2d8       8%          4
 Iskenderun's Battlesphe  Conj           44%        2d10      8%          5
 Brom's Barrelling Bould  Conj/Erth      26%        2d5       14%         4
 Olgreb's Toxic Radiance  Alch           26%        N/A       14%         4
 Irradiate                Conj/Alch      17%        3d17      17%         5
 Martyr's Knell           Necr/Summ      19%        N/A       26%         4
 Curse of Agony           Necr           30%        N/A       26%         5
 Leda's Liquefaction      Alch/Erth      8%         N/A       32%         4
 Petrify                  Alch/Erth      17%        N/A       32%         4
 Sculpt Simulacrum        Ice/Alch       17%        N/A       67%         6
 Lee's Rapid Deconstruct  Erth           4%         3d5*      90%         5
 Bombard                  Conj/Erth      13%        9d3       91%         6
 Conjure Ball Lightning   Conj/Air       13%        3x3d6     91%         6
 Orb of Destruction       Conj           22%        9d8       93%         7
 Polar Vortex             Ice            22%        12d2*     100%        9


Dungeon Overview and Level Annotations

Branches:
Dungeon (13/15)            Temple (1/1) D:5            Lair (5/5) D:9
 Shoals (0/4) Lair:2        Snake (0/4) Lair:3        Slime (0/5) Lair:5
    Orc (2/2) D:9             Elf (0/3) Orc:2       Gauntlet (visited)
 Vaults: D:13-14

Altars:
Ashenzari
Cheibriados
Dithmenos
Elyvilon
Fedhas
Gozag
Hepliaklqana
Kikubaaqudgha
Makhleb
Okawaru
Qazlal
Ru
Sif Muna
Trog
Uskayaw
Vehumet
Wu Jian
Xom
Yredelemnul
Zin
The Shining One

Shops:
D:7 ?   D:11 *   Orc:1 *   Orc:2 :([

Portals:
Trove: D:10 (give +4 ice dragon scales)


Innate Abilities, Weirdness & Mutations

Your life essence is reduced to manifest your ancestor. (-10% HP)
Your serpentine skin is tough. (AC +5)
You have supernaturally acute eyesight. (SInv)
Armour fits poorly on your strangely shaped body.
Your system is resistant to poisons. (rPois)
You cover ground very slowly.
You can spit poison.
You can use your snake-like lower body to constrict enemies.
You are partially covered in iridescent scales. (AC +2)
Your flesh is cold resistant. (rC+)


Message History

You constrict the vampire mosquito.
The deep elf pyromancer casts a spell at you.
The pyre arrow hits you.
You are covered in intense liquid fire!
The vampire mosquito bites you but does no damage.
The fire elemental hits you. The fire elemental burns you!
You take 3 damage, and have 69/118 hp.
Unknown command.
You release your grip on the vampire mosquito.
You shake off some of the fire as you move.
The liquid fire burns you! The vampire mosquito barely misses you.
You shake off some of the fire as you move.
The liquid fire burns you!
The deep elf pyromancer casts a spell at you.
The pyre arrow hits you.
You are even more covered in intense liquid fire!
The vampire mosquito barely misses you. The fire elemental hits you.
The fire elemental burns you!
* * * LOW HITPOINT WARNING * * *
You take 14 damage, and have 55/118 hp.
Unknown command.
As you read the scroll of teleportation, it crumbles to dust.
You feel strangely unstable. The liquid fire burns you!
* * * LOW HITPOINT WARNING * * *
The cyan ugly thing seems less confused.
You block the vampire mosquito's attack.
The fire elemental closely misses you.
The vampire mosquito bites you but does no damage.
You take 11 damage, and have 44/118 hp.
Found a stone staircase leading down.
You shake off some of the fire as you move.
The liquid fire burns you!
* * * LOW HITPOINT WARNING * * *
The vampire mosquito bites you but does no damage.
The deep elf pyromancer gestures at you while chanting.
The bolt of fire hits you!!
You die...
Hepliaklqana delivers you to your ancestors.

...###.#.....##.# .>..
.............###.#
....................#..#
##.....................#
#.........#.............
.#......#..######........
.......###....#.........#
#......##.........>.....
#......@.......>........
#......yE...............
###.#..☼°...............
# #...u.....)†........
#.e...................
##...................
....#................
#....#................
.....#.##..####.....##


You could see a cyan ugly thing, a deep elf pyromancer, a fire elemental
(summoned) and a vampire mosquito.

Levels and vault maps discovered:
D:1:      heliophobic_arrival_dark_side_of_the_moon, layout_loops_corners,
          nicolae_kite_square_tiling_tiny
D:2:      layout_basic, shapermc_ecumenical_altar_starsandcircs,
          grunt_ministairs_9, minmay_pentomino_pile, uniq_terence
D:3:      layout_rooms, okawaru_metal_pillars_1_2, nzn_wu_jian_contemplation,
          nicolae_dithmenos_shadow_blocks, uniq_pargi, uniq_natasha
D:4:      layout_rooms, lemuel_crystal_altar
D:5:      layout_layer_cave, temple_fountains
D:6:      layout_basic, gammafunk_ghost_hive
D:7:      layout_basic, grunt_gozag_statues, nicolae_overflow_hidden_temple,
          gammafunk_temple_overflow_statue, serial_corexii_hall,
          corexii_hall_statues_deadend, corexii_hall_statues_x, serial_shops,
          nicolae_shop_rolled_up, gammafunk_ghost_berserking_beasts, uniq_pikel
D:8:      layout_rooms, lemuel_tele_altar, minivault_14
D:9:      layout_basic, lair_entry_dummy, david_orc_2, uniq_harold, uniq_psyche
D:10:     layout_cave_pods, mainiacjoe_overflow_six_doors_small, enter_trove_2,
          kennysheep_doodads, nicolae_concentric_dashed_squares_mild,
          uniq_maggie
D:11:     layout_stronghold, ebering_ghost_gozag
D:12:     layout_basic, nrook_mini_vaults
D:13:     layout_cave_pools, st_stairs_12, fiery_altar_vehumet
Temple:   nicolae_temple_slightly_damp_pantheon
Lair:1:   layout_cave_pods, pdpol_lair_cavern_descent
Lair:2:   layout_loops_ring, minmay_shoals_entry_hut, uniq_fannar
Lair:3:   layout_roguey, guppyfry_snake_entry_garden, gauntlet_entry_generic,
          grunt_megastairs_1
Lair:4:   layout_roguey, uniq_nessos
Lair:5:   minmay_lair_end_enchanted_forest, layout_big_grid,
          dpeg_slime_entry_enclosed, wad_woods_river_01
Orc:1:    layout_caves, ebering_ghost_inner_flame,
          nicolae_shop_overcharged_wands, uniq_josephine
Orc:2:    hellmonk_orc_salted, layout_diamond_mine

Notes
Turn   | Place    | Note
-------+----------+-------------------------------------------
     0 | D:1      | puppykicker the Naga Enchanter began the quest for the Orb.
     0 | D:1      | Reached XP level 1. HP: 15/15 MP: 3/3
    27 | D:1      | Identified a +0 dagger
    48 | D:1      | Identified a +0 dagger
    49 | D:1      | Identified a scarf of resistance
    89 | D:1      | Identified a +0 whip
   109 | D:1      | Reached XP level 2. HP: 13/22 MP: 5/5
   119 | D:1      | HP: 5/22 [jackal (2)]
   125 | D:1      | HP: 3/22 [jackal (2)]
   128 | D:1      | Identified a potion of heal wounds
   133 | D:1      | Identified a +0 club
   141 | D:1      | Learned a level 2 spell: Ensorcelled Hibernation
   170 | D:1      | Learned a level 1 spell: Sting
   172 | D:1      | Learned a level 1 spell: Apportation
   197 | D:1      | Identified a +0 short sword
   473 | D:1      | Reached XP level 3. HP: 25/28 MP: 6/6
   489 | D:1      | Reached skill level 2 in Short Blades
   626 | D:1      | Identified a +0 club
   972 | D:1      | Identified a +0 club
   976 | D:1      | Identified a +0 dagger
  1004 | D:1      | Identified a +0 sling
  1048 | D:1      | Reached skill level 5 in Stealth
  1067 | D:2      | Identified a +0 club
  1116 | D:2      | Identified a +0 club
  1165 | D:2      | Identified a +0 dagger
  1172 | D:2      | Identified a +0 dagger
  1174 | D:2      | Identified a +0 short sword
  1177 | D:2      | Reached XP level 4. HP: 36/36 MP: 4/7
  1490 | D:2      | Identified a +1 dagger
  1606 | D:2      | Found a faded altar of an unknown god.
  1703 | D:2      | Identified a +0 flail
  1703 | D:2      | Identified a +0 chain mail
  1703 | D:2      | Noticed Terence
  1724 | D:2      | Killed Terence
  1725 | D:2      | Reached XP level 5. HP: 27/42 MP: 3/8
  1788 | D:2      | Learned a level 3 spell: Tukima's Dance
  1795 | D:2      | Identified a +1 pair of gloves
  1809 | D:2      | Identified a +0 leather armour
  1814 | D:2      | Identified a +0 bardiche
  1831 | D:2      | Identified a +0 long sword
  1835 | D:2      | Identified an orb of light
  1900 | D:2      | Identified a +0 short sword
  2145 | D:2      | Identified a +0 short sword
  2145 | D:2      | Identified an amulet of regeneration
  2322 | D:3      | Identified a +2 great sword of holy wrath
  2334 | D:3      | Identified a +0 trident
  2334 | D:3      | Identified a +0 hand axe
  2334 | D:3      | Identified a +0 dagger
  2334 | D:3      | Identified a +0 robe
  2334 | D:3      | Identified a +0 short sword
  2334 | D:3      | Identified a +0 ring mail
  2335 | D:3      | Identified a +0 whip
  2352 | D:3      | Identified a +0 dagger
  2352 | D:3      | Identified a +0 sling
  2353 | D:3      | Identified a +0 short sword
  2395 | D:3      | Reached skill level 1 in Alchemy
  2468 | D:3      | Found a shadowy altar of Dithmenos.
  2490 | D:3      | Identified a +0 ring mail
  2688 | D:3      | Reached skill level 3 in Short Blades
  2691 | D:3      | Found an ornate altar of the Wu Jian Council.
  2735 | D:3      | Identified a +0 cloak
  2777 | D:3      | Identified the +0 leather armour "Eshuir" {^Drain rN+
                  | rCorr}
  2787 | D:3      | Noticed Natasha
  2797 | D:3      | Killed Natasha
  2798 | D:3      | Reached skill level 1 in Conjurations
  2798 | D:3      | Reached skill level 1 in Translocations
  2802 | D:3      | Identified a +0 club
  2863 | D:3      | Noticed Pargi
  2865 | D:3      | Found an iron altar of Okawaru.
  2875 | D:3      | Killed Pargi
  2875 | D:3      | Identified a +0 troll leather armour {Pargi}
  2876 | D:3      | Reached skill level 1 in Ice Magic
  2876 | D:3      | Reached XP level 6. HP: 29/49 MP: 5/10
  2945 | D:3      | Identified the +4 scale mail "Plog" {rPois}
  3033 | D:4      | Identified a +0 hand axe
  3033 | D:4      | Identified a +0 dagger
  3033 | D:4      | Identified a +0 robe
  3034 | D:4      | Identified a +0 short sword
  3034 | D:4      | Identified a +0 scale mail
  3034 | D:4      | Identified a +0 mace
  3034 | D:4      | Identified a +0 dagger
  3034 | D:4      | Identified a +0 robe
  3043 | D:4      | HP: 12/49 [orc/+0 mace (1)]
  3191 | D:4      | Identified a +0 war axe
  3230 | D:4      | Identified a +0 ring mail
  3236 | D:4      | Reached skill level 6 in Stealth
  3249 | D:4      | You fall into a shaft and drop 2 floors!
  3257 | D:5      | Entered Level 5 of the Dungeon
  3302 | D:5      | Identified the +9 dagger of Lofyuth {speed, rElec rF- rC++
                  | Int+2}
  3455 | D:5      | Noticed a black bear
  3459 | D:5      | Killed a black bear
  3460 | D:5      | Reached skill level 3 in Spellcasting
  3460 | D:5      | Reached skill level 4 in Hexes
  3460 | D:5      | Reached skill level 2 in Alchemy
  3460 | D:5      | Reached XP level 7. HP: 55/55 MP: 8/11
  3516 | D:5      | Identified a +0 flail
  3603 | D:5      | Reached skill level 4 in Short Blades
  3603 | D:5      | Reached skill level 2 in Translocations
  3609 | D:5      | Identified a +0 dagger
  3609 | D:5      | Identified a +0 ring mail
  3611 | D:5      | Identified a +0 dagger
  3611 | D:5      | Identified a +1 whip of draining
  3612 | D:5      | Identified a +0 club
  3612 | D:5      | Identified a +0 leather armour
  3612 | D:5      | Identified a +0 dagger
  3612 | D:5      | Identified a +0 leather armour
  3617 | D:5      | Identified a +0 giant club
  3622 | D:5      | Reached skill level 2 in Conjurations
  3629 | D:5      | Reached skill level 2 in Ice Magic
  3644 | D:5      | Identified 3 scrolls of acquirement
  3644 | D:5      | Acquired a +4 ring of protection
  3647 | D:5      | Identified 3 scrolls of identify
  3647 | D:5      | Identified a scroll of brand weapon
  3648 | D:5      | Identified a scroll of poison
  3649 | D:5      | Identified a scroll of butterflies
  3650 | D:5      | Acquired the +6 lightning scales {swift, rElec}
  3650 | D:5      | Found the +6 lightning scales {swift, rElec}
  3662 | D:5      | Learned a level 3 spell: Dazzling Flash
  3662 | D:5      | Acquired a +3 rapier of venom
  3728 | D:5      | Found a staircase to the Ecumenical Temple.
  3737 | Temple   | Entered the Ecumenical Temple
  3774 | D:5      | Identified a +0 mace
  3774 | D:5      | Identified a +0 war axe
  3774 | D:5      | Identified a +0 leather armour
  3776 | D:5      | Identified a +0 dagger
  3776 | D:5      | Identified a +0 robe
  3777 | D:5      | Identified a +0 whip
  3777 | D:5      | Identified a +0 leather armour
  4128 | D:5      | Identified a +0 club
  4128 | D:5      | Identified a +0 hand axe
  4129 | D:5      | Identified a +0 dagger
  4130 | D:5      | Identified a +0 club
  4294 | D:5      | Identified a +0 spear
  4294 | D:5      | Identified a +0 spear
  4294 | D:5      | Identified a +2 flail of protection
  4298 | D:5      | Identified a +0 club
  4298 | D:5      | Identified a +0 robe
  4300 | D:5      | Reached XP level 8. HP: 62/62 MP: 9/12
  4516 | D:5      | Reached skill level 3 in Alchemy
  4792 | D:6      | Identified a +0 club
  4792 | D:6      | Identified a +0 trident
  4792 | D:6      | Identified a +0 trident
  4792 | D:6      | Identified a +0 plate armour
  4828 | D:6      | Identified a +0 flail
  4853 | D:6      | Reached skill level 7 in Stealth
  4920 | D:6      | Identified a +0 helmet
  4937 | D:6      | Noticed bakla's ghost (amateur HuEE)
  4944 | D:6      | Found a transporter.
  4979 | D:6      | Found a transporter.
  4979 | D:6      | Noticed a hornet
  4984 | D:6      | Reached skill level 5 in Short Blades
  5097 | D:6      | Identified a +0 spear
  5097 | D:6      | Identified a +0 scale mail
  5097 | D:6      | Identified a +0 whip
  5097 | D:6      | Identified a +0 club
  5097 | D:6      | Identified a +0 flail
  5097 | D:6      | Identified a +0 halberd
  5230 | D:6      | Identified a +0 mace
  5230 | D:6      | Identified a +0 chain mail
  5230 | D:6      | Identified a +0 hand axe
  5231 | D:6      | Identified a +0 whip
  5231 | D:6      | Identified a +0 leather armour
  5235 | D:6      | Identified a +0 giant spiked club
  5248 | D:6      | Reached skill level 3 in Conjurations
  5248 | D:6      | Reached skill level 3 in Translocations
  5315 | D:6      | Reached skill level 3 in Ice Magic
  5426 | D:6      | Identified a +0 whip
  5427 | D:6      | Identified a +0 mace
  5428 | D:6      | Identified a +0 dagger
  5428 | D:6      | Identified a +0 leather armour
  5428 | D:6      | Identified a +0 dagger
  5428 | D:6      | Identified a +0 club
  5443 | D:6      | Reached skill level 5 in Hexes
  5565 | D:6      | Reached skill level 4 in Alchemy
  5780 | D:6      | Reached skill level 6 in Short Blades
  5780 | D:6      | Reached XP level 9. HP: 68/68 MP: 13/13
  5838 | D:6      | Reached skill level 8 in Stealth
  5913 | D:6      | Killed a hornet
  5989 | D:6      | Killed bakla's ghost
  5990 | D:6      | Reached skill level 7 in Short Blades
  6173 | D:7      | Identified a +0 flail
  6174 | D:7      | Identified a +0 trident
  6192 | D:7      | Identified a +0 short sword
  6192 | D:7      | Identified a +0 chain mail
  6193 | D:7      | Identified a +0 whip of electrocution
  6193 | D:7      | Identified a +2 robe of positive energy
  6193 | D:7      | Noticed Pikel
  6215 | D:7      | Reached skill level 9 in Stealth
  6228 | D:7      | Killed Pikel
  6229 | D:7      | Reached skill level 6 in Hexes
  6243 | D:7      | Identified a +0 flail
  6308 | D:7      | Found a transporter.
  6312 | D:7      | Noticed zenocrate's ghost (novice OpDe)
  6312 | D:7      | Noticed a moth of wrath
  6333 | D:7      | Found a transporter.
  6335 | D:7      | Found an opulent altar of Gozag.
  6341 | D:7      | Reached skill level 8 in Short Blades
  6369 | D:7      | Identified a +0 dagger
  6369 | D:7      | Identified a +0 club
  6369 | D:7      | Identified a +0 dagger
  6369 | D:7      | Identified a +0 robe
  6369 | D:7      | Identified a +0 dagger
  6369 | D:7      | Identified a +0 robe
  6433 | D:7      | Identified a +0 leather armour
  6484 | D:7      | Found Couh's Magic Scroll Emporium.
  6487 | D:7      | Bought a scroll of vulnerability for 48 gold pieces
  6487 | D:7      | Bought a scroll of amnesia for 48 gold pieces
  6487 | D:7      | Bought a scroll of identify for 24 gold pieces
  6487 | D:7      | Bought a scroll of noise for 12 gold pieces
  6487 | D:7      | Bought a scroll of identify for 24 gold pieces
  6488 | D:7      | Identified 2 potions of degeneration
  6572 | D:7      | Identified a +1 pair of boots
  6659 | D:7      | Found a sacrificial altar of Ru.
  6659 | D:7      | Found a glowing silver altar of Zin.
  6659 | D:7      | Identified a +0 dagger
  6659 | D:7      | Identified a +0 robe
  6659 | D:7      | Identified a +0 dagger
  6659 | D:7      | Identified a +0 robe
  6659 | D:7      | Identified a +0 dagger
  6659 | D:7      | Identified a +0 leather armour
  6659 | D:7      | Identified a +0 flail
  6659 | D:7      | Identified a +0 club
  6659 | D:7      | Identified a +0 leather armour
  6674 | D:7      | Reached skill level 10 in Stealth
  6731 | D:7      | Found a bloodstained altar of Trog.
  6800 | D:7      | Identified an amulet of faith
  7093 | D:7      | Identified a +0 robe
  7140 | D:8      | Identified a +0 giant club
  7140 | D:8      | Identified a +0 giant club
  7140 | D:8      | Noticed a two-headed ogre
  7148 | D:8      | Killed a two-headed ogre
  7149 | D:8      | Reached skill level 9 in Short Blades
  7149 | D:8      | Reached skill level 7 in Hexes
  7149 | D:8      | Reached XP level 10. HP: 75/75 MP: 7/14
  7245 | D:8      | Identified a +0 dagger
  7245 | D:8      | Identified a +0 robe
  7255 | D:8      | Identified a +1 hand axe of freezing
  7255 | D:8      | Identified a +0 leather armour
  7314 | D:8      | Identified a +0 shortbow
  7315 | D:8      | Found a glowing golden altar of the Shining One.
  7319 | D:8      | Identified a +0 whip
  7325 | D:8      | Identified a +0 club
  7326 | D:8      | Identified a +0 dagger
  7331 | D:8      | Identified a +0 short sword
  7424 | D:8      | Identified a +0 sling
  7441 | D:8      | Identified a +0 hand axe
  7441 | D:8      | Identified a +0 chain mail
  7540 | D:8      | Reached skill level 10 in Short Blades
  7706 | D:8      | Acquired the amulet of Altruism {Reflect rElec SH+5}
  7829 | D:8      | Identified a +0 robe
  7903 | D:9      | Identified a +0 dagger of chaos
  7903 | D:9      | Identified a +0 robe
  7903 | D:9      | Noticed Psyche
  8049 | D:9      | Killed Psyche
  8050 | D:9      | Reached skill level 8 in Hexes
  8111 | D:9      | Identified a +0 battleaxe
  8111 | D:9      | Identified a +0 chain mail
  8111 | D:9      | Identified a +1 antimagic short sword
  8111 | D:9      | Identified a +2 dagger of speed
  8111 | D:9      | Identified a +0 ring mail
  8111 | D:9      | Identified a +0 short sword
  8111 | D:9      | Identified a +0 plate armour
  8111 | D:9      | Identified a +0 hand axe of freezing
  8111 | D:9      | Identified a +0 leather armour
  8112 | D:9      | Found a staircase to the Orcish Mines.
  8112 | D:9      | Identified a +0 hand axe
  8112 | D:9      | Identified a +0 club
  8132 | D:9      | Reached skill level 1 in Evocations
  8152 | D:9      | Identified 3 scrolls of fear
  8153 | D:9      | Identified 3 scrolls of teleportation
  8154 | D:9      | Identified a scroll of fog
  8155 | D:9      | Identified 2 scrolls of blinking
  8156 | D:9      | Identified 2 scrolls of revelation
  8156 | D:9      | Identified a +0 mace
  8156 | D:9      | Identified a +0 ring mail
  8156 | D:9      | Noticed Harold
  8157 | D:9      | Found a staircase to the Lair.
  8214 | D:9      | Killed Harold
  8215 | D:9      | Reached skill level 2 in Evocations
  8366 | D:9      | Learned a level 2 spell: Lesser Beckoning
  8370 | D:9      | Reached skill level 3 in Evocations
  8611 | D:9      | Identified a potion of brilliance
  8688 | D:9      | Reached XP level 11. HP: 72/81 MP: 15/15
  8906 | D:9      | Reached skill level 11 in Short Blades
  9106 | D:10     | Entered Level 10 of the Dungeon
  9106 | D:10     | Identified a +0 long sword
  9106 | D:10     | Identified +0 swamp dragon scales
  9106 | D:10     | Noticed Maggie
  9106 | D:10     | Identified a +0 hand axe
  9106 | D:10     | Identified a +0 dagger
  9106 | D:10     | Identified a +0 robe
  9108 | D:10     | Identified a +0 short sword
  9108 | D:10     | Identified a +0 plate armour
  9110 | D:10     | Identified a +0 flail
  9118 | D:9      | Killed Maggie
  9119 | D:9      | Reached skill level 4 in Evocations
  9335 | D:10     | Identified a +0 ring mail
  9362 | D:10     | Identified 3 potions of haste
  9371 | D:10     | Identified a potion of berserk rage
  9395 | D:10     | Identified a +0 giant club
  9395 | D:10     | Identified a +0 giant spiked club
  9395 | D:10     | Noticed a two-headed ogre
  9398 | D:10     | Killed a two-headed ogre
  9461 | D:10     | Reached skill level 5 in Evocations
  9644 | D:10     | Found a portal to a secret trove of treasure.
  9772 | D:10     | Found a hazy altar of Hepliaklqana.
  9778 | D:10     | Became a worshipper of Hepliaklqana the Forgotten
  9804 | D:10     | Identified a +0 spear
  9804 | D:10     | Identified a +0 robe
  9808 | D:10     | Identified a +1 trident
  9808 | D:10     | Identified a +0 robe
  9809 | D:10     | Identified a +0 halberd
  9809 | D:10     | Identified a +0 robe
  9809 | D:10     | Identified a +0 flail
  9809 | D:10     | Identified a +0 robe
  9922 | D:10     | Identified an orb of guile
 10114 | D:11     | Identified a +1 whip of electrocution
 10138 | D:11     | Identified a +0 short sword
 10140 | D:11     | Identified a +0 club
 10140 | D:11     | Identified a +0 club
 10140 | D:11     | Identified a +1 short sword of venom
 10140 | D:11     | Identified a +0 short sword
 10141 | D:11     | Identified a +0 club
 10144 | D:11     | Identified a +0 dagger
 10188 | D:11     | Found a runed translucent gate.
 10188 | D:11     | Found a runed translucent gate.
 10188 | D:11     | Found a runed translucent gate.
 10189 | D:11     | Found an opulent altar of Gozag.
 10190 | D:11     | Noticed a manticore
 10190 | D:11     | Noticed rbyellow5's ghost (journeyman OnWr)
 10190 | D:11     | Noticed a red ugly thing
 10192 | D:11     | Found Ivafy's Assorted Antiques.
 10198 | D:11     | Identified a +0 halberd
 10198 | D:11     | Noticed a skeletal warrior
 10199 | D:11     | Identified a +0 trident
 10199 | D:11     | Noticed a skeletal warrior
 10201 | D:11     | Reached skill level 12 in Short Blades
 10238 | D:11     | Identified a potion of magic
 10246 | D:11     | Identified a +0 battleaxe
 10320 | D:11     | Identified the +4 whip "Fueremat" {heavy, ^Contam +Blink
                  | Will+ Str+8}
 10414 | D:11     | Identified a +0 hand axe
 10414 | D:11     | Identified a +0 plate armour
 10414 | D:11     | Identified a +0 short sword
 10414 | D:11     | Identified a +0 leather armour
 10415 | D:11     | Identified a +0 dagger
 10453 | D:11     | Learned a level 3 spell: Vampiric Draining
 10464 | D:11     | Reached * piety under Hepliaklqana
 10794 | D:11     | Identified a scroll of torment
 10794 | D:11     | HP: 3/72 [skeletal warrior/+0 trident (19)]
 10895 | Lair:1   | Entered Level 1 of the Lair of Beasts
 10907 | D:9      | Reached skill level 1 in Fighting
 10907 | D:9      | Reached skill level 1 in Necromancy
 11022 | Lair:1   | Noticed a death yak
 11043 | Lair:1   | Killed a death yak
 11044 | Lair:1   | Reached skill level 2 in Fighting
 11044 | Lair:1   | Reached skill level 2 in Necromancy
 11103 | Lair:1   | Identified a potion of cancellation
 11253 | Lair:1   | Reached skill level 4 in Spellcasting
 11554 | Lair:1   | Identified a +0 ring mail
 11572 | Lair:1   | Identified a +0 pair of gloves
 11594 | Lair:1   | Identified a +0 pair of boots
 11775 | Lair:1   | Identified a +0 leather armour
 11877 | Lair:1   | Reached skill level 3 in Fighting
 11877 | Lair:1   | Reached skill level 3 in Necromancy
 11900 | Lair:1   | Reached XP level 12. HP: 81/83 MP: 12/18
 11942 | Lair:1   | Identified a potion of lignification
 12018 | Lair:1   | Reached skill level 4 in Necromancy
 12051 | Lair:1   | Identified a +0 orcbow
 12153 | Lair:2   | Reached skill level 4 in Fighting
 12190 | Lair:2   | Identified a scroll of enchant armour
 12229 | Lair:2   | Got the Parchment of Points and Wildfire
 12237 | Lair:2   | Found a staircase to the Shoals.
 12243 | Lair:2   | Reached skill level 5 in Spellcasting
 12397 | Lair:2   | Learned a level 5 spell: Fireball
 12438 | Lair:2   | Reached skill level 13 in Short Blades
 12459 | Lair:2   | Identified a scroll of silence
 12466 | Lair:2   | Reached skill level 1 in Fire Magic
 12549 | Lair:2   | Identified a +0 quarterstaff of freezing
 12549 | Lair:2   | Identified a +2 robe of cold resistance
 12549 | Lair:2   | Identified a ring of ice
 12549 | Lair:2   | Noticed Fannar
 12558 | Lair:2   | Killed Fannar
 12602 | Lair:2   | Reached skill level 2 in Fire Magic
 12625 | Lair:2   | Reached skill level 5 in Fighting
 12625 | Lair:2   | Reached skill level 5 in Necromancy
 12676 | Lair:2   | Reached skill level 4 in Conjurations
 12856 | Lair:2   | Identified a potion of attraction
 13209 | Lair:2   | Identified a +0 war axe
 13236 | Lair:2   | Reached skill level 3 in Fire Magic
 13321 | Lair:3   | Reached ** piety under Hepliaklqana
 13324 | Lair:3   | Remembered your ancestor Baqqanum as a hexer
 13324 | Lair:3   | Identified a +0 dagger of draining
 13349 | Lair:3   | Noticed a six-headed hydra
 13352 | Lair:3   | Killed a six-headed hydra
 13353 | Lair:3   | Reached skill level 6 in Spellcasting
 13488 | Lair:3   | Found a gate leading to a gauntlet.
 13533 | Gauntlet | Entered a Gauntlet
 13533 | Gauntlet | Found a transporter.
 13533 | Gauntlet | Found a transporter.
 13537 | Gauntlet | Found a transporter.
 13537 | Gauntlet | Found a transporter.
 13537 | Gauntlet | Identified a +0 dagger
 13537 | Gauntlet | Identified a +0 robe
 13547 | Gauntlet | Found a transporter.
 13552 | Gauntlet | Found a transporter.
 13566 | Gauntlet | Found a transporter.
 13589 | Gauntlet | Found a transporter.
 13591 | Gauntlet | Found a transporter.
 13591 | Gauntlet | Found a transporter.
 13595 | Gauntlet | Found a transporter.
 13598 | Gauntlet | Identified a +0 dagger
 13598 | Gauntlet | Identified a +0 robe
 13601 | Gauntlet | Identified a +0 dagger
 13601 | Gauntlet | Identified a +0 robe
 13629 | Gauntlet | Found a transporter.
 13669 | Gauntlet | Found the +5 demon whip "Spellbinder" {antimagic, disrupt,
                  | Will+}
 13681 | Gauntlet | Found a transporter.
 13695 | Gauntlet | Found a transporter.
 13795 | Gauntlet | Found a transporter.
 13797 | Gauntlet | Noticed a catoblepas
 13800 | Gauntlet | Identified a +0 mace
 13808 | Gauntlet | Identified a +0 morningstar
 13816 | Gauntlet | Found a transporter.
 13911 | Gauntlet | Gained mutation: You can use your snake-like lower body to
                  | constrict enemies. [Naga growth]
 13911 | Gauntlet | Reached XP level 13. HP: 99/99 MP: 22/22
 13954 | Gauntlet | Identified a scroll of enchant weapon
 13996 | Gauntlet | Identified the +0 helmet of Usyr {-Cast rElec Will+ rCorr}
 14036 | Gauntlet | Reached skill level 6 in Fighting
 14036 | Gauntlet | Reached skill level 5 in Conjurations
 14069 | Gauntlet | Identified a +6 ring of dexterity
 14073 | Gauntlet | Identified a +0 shortbow
 14091 | Gauntlet | Identified a +5 scimitar of protection
 14091 | Gauntlet | Identified a +0 plate armour
 14091 | Gauntlet | Identified the ring of Ziokomad {Fire Fly rElec Int-5}
 14091 | Gauntlet | Noticed a minotaur
 14105 | Gauntlet | HP: 24/99 [minotaur/+5 scimitar of protection (3)]
 14112 | Gauntlet | HP: 7/99 [minotaur/+5 scimitar of protection (18)]
 14113 | Gauntlet | Killed a minotaur
 14114 | Gauntlet | Reached skill level 4 in Fire Magic
 14122 | Gauntlet | Identified a +0 glaive
 14122 | Gauntlet | Identified a ring of willpower
 14122 | Gauntlet | Identified a +2 chain mail of fire resistance
 14122 | Gauntlet | Identified the +1 robe of Fitis {rElec Int+3 Slay+3}
 14122 | Gauntlet | Identified the +4 scale mail of the Accordion {Rampage
                  | Str+5 Int-5}
 14122 | Gauntlet | Identified the staff "Lifebane" {^Fragile rElec rC+ rN+
                  | Stlth+ Ice}
 14158 | Lair:3   | Identified a +0 dagger of draining
 14484 | D:7      | Bought a scroll of acquirement for 624 gold pieces
 14484 | D:7      | Acquired the +0 helmet of Vepposh {Rampage Regen+}
 14647 | Lair:3   | Found a staircase to the Snake Pit.
 14647 | Lair:3   | Identified a +0 battleaxe
 14648 | Lair:3   | Identified a +0 long sword
 14648 | Lair:3   | Identified a +0 robe
 15031 | Lair:3   | Reached *** piety under Hepliaklqana
 15046 | Lair:3   | You fall into a shaft and drop 1 floor!
 15183 | Lair:3   | Identified a +0 falchion
 15494 | Lair:4   | Identified a scroll of immolation
 15560 | Lair:4   | Identified a +4 mace of protection
 15743 | Lair:4   | Reached skill level 6 in Conjurations
 15743 | Lair:4   | Reached skill level 5 in Fire Magic
 15752 | Lair:4   | Reached skill level 7 in Spellcasting
 15760 | Lair:4   | Reached skill level 7 in Fighting
 15774 | Lair:4   | Identified a +2 longbow of flaming
 15774 | Lair:4   | Identified a +0 barding
 15774 | Lair:4   | Noticed Nessos
 15779 | Lair:4   | Killed Nessos
 15847 | Lair:4   | Reached skill level 14 in Short Blades
 16122 | Lair:4   | Identified a +0 quarterstaff
 16162 | Lair:5   | Entered Level 5 of the Lair of Beasts
 16465 | Lair:5   | Reached **** piety under Hepliaklqana
 16486 | Lair:5   | Reached skill level 6 in Fire Magic
 16513 | Lair:5   | Reached skill level 8 in Fighting
 16513 | Lair:5   | Reached skill level 8 in Spellcasting
 16513 | Lair:5   | Reached XP level 14. HP: 91/113 MP: 24/26
 16630 | Lair:5   | Identified a +0 dagger
 16630 | Lair:5   | Identified a +0 robe
 16631 | Lair:5   | Identified a +0 rapier
 16631 | Lair:5   | Identified a +0 robe
 16631 | Lair:5   | Identified a +0 dagger
 16631 | Lair:5   | Identified a +0 robe
 16640 | Lair:5   | Reached skill level 1 in Armour
 16655 | Lair:5   | Identified a ring of fire
 16657 | Lair:5   | Identified a +0 mace
 16660 | Lair:5   | Identified a +0 trident
 16660 | Lair:5   | Identified +0 steam dragon scales
 16672 | Lair:5   | Identified a +0 buckler
 16672 | Lair:5   | Identified a +0 spear
 16676 | Lair:5   | Identified a +0 quarterstaff
 16676 | Lair:5   | Identified the +0 robe "Koshroq" {Harm rC- Regen+ Int+5}
 16676 | Lair:5   | Identified a +0 dagger
 16676 | Lair:5   | Identified a +0 robe
 16677 | Lair:5   | Identified a +0 dagger
 16677 | Lair:5   | Identified a +0 robe
 16678 | Lair:5   | Identified a +0 dagger
 16678 | Lair:5   | Identified a +0 robe
 16688 | Lair:5   | Identified a +0 rapier
 16688 | Lair:5   | Identified a +0 robe
 16717 | Lair:5   | Identified a +0 dagger
 16717 | Lair:5   | Identified a +0 robe
 16747 | Lair:5   | Identified a +0 dagger
 16747 | Lair:5   | Identified a +0 robe
 16747 | Lair:5   | Identified a +0 buckler
 16748 | Lair:5   | Reached skill level 4 in Ice Magic
 16751 | Lair:5   | Identified a +2 dagger of draining
 16751 | Lair:5   | Identified a +0 robe
 16763 | Lair:5   | Reached skill level 2 in Armour
 16995 | Lair:5   | Identified a +0 dagger
 16995 | Lair:5   | Identified a +0 robe
 16995 | Lair:5   | Identified a +0 buckler
 17006 | Lair:5   | Identified a +0 spear
 17006 | Lair:5   | Identified a +0 ring mail
 17036 | Lair:5   | Reached skill level 7 in Fire Magic
 17114 | Lair:5   | Reached skill level 7 in Conjurations
 17199 | Lair:5   | Learned a level 2 spell: Blink
 17207 | Lair:5   | Learned a level 7 spell: Ozocubu's Refrigeration
 17262 | Lair:5   | Found a staircase to the Slime Pits.
 17342 | Lair:5   | Identified a +0 club
 17543 | Lair:5   | Identified a +0 morningstar
 17911 | D:7      | Killed zenocrate's ghost
 17912 | D:7      | Reached skill level 3 in Armour
 17915 | D:7      | Identified a ring of resist corrosion
 17919 | D:7      | Identified an orb of wrath
 17920 | D:7      | Identified a +0 whip
 18127 | D:11     | Identified a +0 war axe
 18131 | D:11     | Identified a +0 hand axe
 18131 | D:11     | Identified a +0 mace
 18181 | D:10     | Identified a +0 dagger of draining
 18220 | Orc:1    | Entered Level 1 of the Orcish Mines
 18220 | Orc:1    | Identified a +0 giant club
 18220 | Orc:1    | Identified a +0 orcbow
 18221 | Orc:1    | Identified a +0 arbalest
 18222 | Orc:1    | Identified a +0 dagger
 18222 | Orc:1    | Identified a +0 leather armour
 18228 | Orc:1    | Reached skill level 5 in Ice Magic
 18228 | Orc:1    | Identified a +0 hand axe
 18228 | Orc:1    | Identified a +0 ring mail
 18232 | Orc:1    | Identified a +0 short sword
 18239 | Orc:1    | Identified a +0 short sword
 18239 | Orc:1    | Identified a +0 plate armour
 18364 | Orc:1    | Identified a +0 morningstar
 18365 | Orc:1    | Identified a +0 falchion
 18365 | Orc:1    | Identified a +0 club
 18366 | Orc:1    | Identified a +0 trident
 18366 | Orc:1    | Identified a +0 short sword
 18366 | Orc:1    | Identified a +0 plate armour
 18367 | Orc:1    | Identified a +0 dagger
 18367 | Orc:1    | Identified a +0 robe
 18367 | Orc:1    | Noticed Josephine
 18367 | Orc:1    | Identified a +0 short sword
 18367 | Orc:1    | Identified a +0 plate armour
 18367 | Orc:1    | Identified a +0 scimitar
 18367 | Orc:1    | Identified a +0 plate armour
 18386 | Orc:1    | Killed Josephine
 18429 | Orc:2    | Entered Level 2 of the Orcish Mines
 18429 | Orc:2    | Identified a +0 giant spiked club
 18433 | Orc:2    | Identified a +0 mace
 18435 | Orc:2    | Identified a +0 flail
 18435 | Orc:2    | Identified a +0 ring mail
 18436 | Orc:2    | Identified a +0 dagger of draining
 18436 | Orc:2    | Identified a +0 club
 18439 | Orc:2    | Identified a +0 giant club
 18579 | Orc:1    | Found Feb Huur's Overcharged Wands.
 18694 | Orc:1    | Identified a +0 hand axe
 18695 | Orc:1    | Found a runed translucent door.
 18695 | Orc:1    | Identified a +0 club
 18695 | Orc:1    | Noticed zenocrate's ghost (journeyman KoDe)
 18697 | Orc:1    | Identified a +0 dagger
 18697 | Orc:1    | Identified a +0 robe
 18697 | Orc:1    | Identified a +0 mace
 18697 | Orc:1    | Identified a +0 mace
 18697 | Orc:1    | Identified a +0 club
 18894 | Orc:1    | Killed zenocrate's ghost
 19007 | Orc:1    | Identified the staff "Beomack" {^Contam rN+ Will- Int+7
                  | Necro Alchemy}
 19012 | Orc:1    | Identified a +6 battleaxe of freezing
 19027 | Orc:2    | Identified a +0 mace
 19027 | Orc:2    | Identified a +0 plate armour
 19028 | Orc:2    | Identified a +0 mace
 19028 | Orc:2    | Identified a +0 chain mail
 19058 | Orc:2    | Identified a +0 long sword
 19058 | Orc:2    | Identified a +0 arbalest
 19058 | Orc:2    | Identified a +0 chain mail
 19058 | Orc:2    | Identified a +0 dagger
 19058 | Orc:2    | Identified a +0 robe
 19058 | Orc:2    | Identified a +0 dire flail
 19058 | Orc:2    | Identified a +0 chain mail
 19059 | Orc:2    | Identified a +0 hand axe
 19059 | Orc:2    | Identified a +0 ring mail
 19059 | Orc:2    | Identified a +0 halberd
 19059 | Orc:2    | Identified a +0 plate armour
 19059 | Orc:2    | Identified a +0 flail of holy wrath
 19059 | Orc:2    | Identified a +0 leather armour
 19060 | Orc:2    | Identified a +0 falchion
 19060 | Orc:2    | Identified a +0 trident
 19060 | Orc:2    | Identified a +0 chain mail
 19060 | Orc:2    | Identified a +0 long sword
 19060 | Orc:2    | Identified a +0 plate armour
 19064 | Orc:2    | Identified a +0 giant club
 19069 | Orc:2    | Identified a +0 long sword
 19069 | Orc:2    | Identified a +0 chain mail
 19069 | Orc:2    | Identified a +0 hand axe
 19070 | Orc:2    | Identified a +0 dagger
 19070 | Orc:2    | Identified a +0 scale mail
 19070 | Orc:2    | Identified a +0 dagger
 19070 | Orc:2    | Identified a +0 robe
 19070 | Orc:2    | Identified a +0 glaive
 19070 | Orc:2    | Identified a +0 plate armour
 19071 | Orc:2    | Identified a +0 dagger
 19071 | Orc:2    | Identified a +0 dagger
 19071 | Orc:2    | Identified a +2 mace of holy wrath
 19071 | Orc:2    | Identified a +0 chain mail
 19071 | Orc:2    | Identified a +0 club
 19071 | Orc:2    | Identified a +0 ring mail
 19071 | Orc:2    | Identified a +0 dagger
 19071 | Orc:2    | Identified a +0 leather armour
 19074 | Orc:2    | Identified a +0 dagger
 19078 | Orc:2    | Identified a +0 dagger
 19082 | Orc:2    | Identified a +0 flail
 19082 | Orc:2    | Identified a +0 orcbow
 19082 | Orc:2    | Identified a +0 chain mail
 19085 | Orc:2    | Identified a +0 club
 19085 | Orc:2    | HP: 19/79 [orc warrior/+0 glaive (17)]
 19088 | Orc:1    | HP: 3/79 [orc warrior/+2 mace of holy wrath (17)]
 19118 | Orc:1    | Identified a +0 dagger of draining
 19208 | Orc:1    | Identified a +0 dagger of draining
 19262 | Orc:2    | Identified a +0 club
 19262 | Orc:2    | Identified a +0 leather armour
 19264 | Orc:2    | Identified a +0 mace
 19264 | Orc:2    | Identified a +2 heavy flail
 19265 | Orc:2    | Identified a +0 mace
 19271 | Orc:2    | Identified a +0 dagger
 19271 | Orc:2    | Identified a +0 robe
 19274 | Orc:2    | HP: 20/92 [orc/+2 heavy flail (20)]
 19277 | Orc:2    | HP: 2/92 [orc warrior/+0 halberd[an orc knight] (19)]
 19280 | Orc:2    | Identified a +0 mace
 19280 | Orc:2    | Identified a +0 chain mail
 19369 | Orc:2    | Identified a +0 mace
 19372 | Orc:2    | Identified a +0 dagger
 19372 | Orc:2    | Identified a +0 robe
 19537 | Orc:2    | Found a staircase to the Elven Halls.
 19769 | Orc:2    | Reached skill level 1 in Invocations
 19908 | Orc:2    | Reached skill level 4 in Armour
 20025 | Orc:2    | Identified a +1 war axe
 20025 | Orc:2    | Identified a +0 chain mail
 20026 | Orc:2    | Identified a +0 battleaxe
 20026 | Orc:2    | Identified a +0 plate armour
 20064 | Orc:2    | Reached skill level 6 in Ice Magic
 20064 | Orc:2    | Reached skill level 2 in Invocations
 20090 | Orc:2    | Identified a +0 dagger of draining
 20127 | Orc:2    | Identified a +0 orcbow
 20128 | Orc:2    | Identified a +0 giant club
 20128 | Orc:2    | Identified a +0 giant spiked club
 20129 | Orc:2    | Identified a +0 great mace
 20129 | Orc:2    | Identified a +0 plate armour
 20135 | Orc:2    | Reached skill level 8 in Fire Magic
 20149 | Orc:2    | Reached skill level 8 in Conjurations
 20173 | Orc:2    | Identified a +0 hand axe
 20173 | Orc:2    | Identified a +0 leather armour
 20173 | Orc:2    | Identified a +0 club
 20173 | Orc:2    | Identified a +0 short sword
 20173 | Orc:2    | Identified a +0 short sword
 20173 | Orc:2    | Identified a +0 dagger
 20173 | Orc:2    | Identified a +0 club
 20173 | Orc:2    | Identified a +0 leather armour
 20174 | Orc:2    | Identified a +0 trident
 20174 | Orc:2    | Identified a +0 plate armour
 20179 | Orc:2    | Identified a +0 glaive
 20179 | Orc:2    | Identified a +0 plate armour
 20183 | Orc:2    | Identified a +0 dagger
 20187 | Orc:2    | Identified a +0 morningstar
 20187 | Orc:2    | Identified a +0 leather armour
 20195 | Orc:2    | Identified a +3 war axe
 20195 | Orc:2    | Identified a +0 plate armour
 20195 | Orc:2    | Noticed an orc warlord
 20199 | Orc:2    | Reached skill level 3 in Invocations
 20205 | Orc:2    | Identified a +0 dagger
 20205 | Orc:2    | Identified a +0 robe
 20207 | Orc:2    | Identified a +0 whip
 20209 | Orc:2    | HP: 25/113 [orc warlord/+3 war axe (12)]
 20224 | Orc:2    | Killed an orc warlord
 20250 | Orc:2    | Identified a +0 dagger of draining
 20263 | Orc:2    | Identified a +0 hand axe
 20263 | Orc:2    | Identified a +0 leather armour
 20300 | Orc:2    | Found Nimeimem's Magic Scroll Emporium.
 20306 | Orc:2    | Bought a scroll of teleportation for 48 gold pieces
 20306 | Orc:2    | Bought a scroll of teleportation for 48 gold pieces
 20306 | Orc:2    | Bought a scroll of blinking for 120 gold pieces
 20306 | Orc:2    | Bought a scroll of teleportation for 48 gold pieces
 20306 | Orc:2    | Bought a scroll of enchant weapon for 120 gold pieces
 20306 | Orc:2    | Bought a scroll of identify for 32 gold pieces
 20306 | Orc:2    | Bought a scroll of identify for 32 gold pieces
 20321 | Orc:2    | Identified a +0 scimitar
 20321 | Orc:2    | Identified a +0 plate armour
 20321 | Orc:2    | Identified a +0 scimitar
 20321 | Orc:2    | Identified a +0 plate armour
 20321 | Orc:2    | Identified a +0 dire flail
 20321 | Orc:2    | Identified a +0 plate armour
 20321 | Orc:2    | Identified a +0 hand axe
 20321 | Orc:2    | Identified a +0 ring mail
 20321 | Orc:2    | Identified a +0 dagger
 20321 | Orc:2    | Identified a +0 robe
 20321 | Orc:2    | Identified a +0 giant spiked club
 20321 | Orc:2    | Identified a +0 giant club
 20321 | Orc:2    | Identified a +3 battleaxe
 20321 | Orc:2    | Identified a +0 plate armour
 20321 | Orc:2    | Identified a +0 long sword
 20321 | Orc:2    | Identified a +0 plate armour
 20321 | Orc:2    | Identified a +1 vampiric dagger
 20321 | Orc:2    | Identified a +0 robe
 20322 | Orc:2    | Identified a +0 dagger
 20322 | Orc:2    | Identified a +0 robe
 20322 | Orc:2    | Identified a +0 halberd
 20322 | Orc:2    | Identified a +0 orcbow
 20322 | Orc:2    | Identified a +0 plate armour
 20324 | Orc:2    | Identified a +0 hand axe
 20324 | Orc:2    | Identified a +0 leather armour
 20324 | Orc:2    | Identified a +0 hand axe
 20324 | Orc:2    | Identified a +0 plate armour
 20326 | Orc:2    | Reached XP level 15. HP: 111/118 MP: 17/27
 20327 | Orc:2    | Identified a +2 demon trident of draining
 20328 | Orc:2    | Reached skill level 1 in Polearms
 20338 | Orc:2    | Found Okierav's Weapon Shop.
 20338 | Orc:2    | Identified a +0 halberd
 20338 | Orc:2    | Identified a +0 leather armour
 20338 | Orc:2    | Identified a +2 whip of venom
 20346 | Orc:2    | Identified a +0 troll leather armour
 20357 | Orc:2    | Reached skill level 4 in Invocations
 20358 | Orc:2    | Identified a +3 glaive
 20358 | Orc:2    | Identified a +0 arbalest
 20358 | Orc:2    | Identified a +0 plate armour of willpower
 20358 | Orc:2    | Noticed an orc warlord
 20373 | Orc:2    | Reached skill level 2 in Polearms
 20377 | Orc:2    | Reached skill level 7 in Ice Magic
 20447 | Orc:2    | Identified a +0 dagger of draining
 20541 | Orc:2    | Killed an orc warlord
 20547 | Orc:2    | Found Jeonku's Book Shop.
 20591 | Orc:2    | Identified a +3 battleaxe of venom
 20591 | Orc:2    | Identified a +0 plate armour
 20605 | Orc:2    | Found Feuteji's Antique Armour Boutique.
 20605 | Orc:2    | Identified a +0 giant club
 20605 | Orc:2    | Identified a +0 giant spiked club
 20605 | Orc:2    | Identified a +1 great mace
 20605 | Orc:2    | Identified a +0 chain mail
 20605 | Orc:2    | Identified a +2 great sword
 20605 | Orc:2    | Identified a +0 plate armour
 20608 | Orc:2    | Reached skill level 3 in Polearms
 20609 | Orc:2    | Reached skill level 5 in Invocations
 20823 | D:12     | Identified an orb of energy
 20853 | D:12     | Identified a +0 troll leather armour
 20899 | D:12     | Identified a +0 battleaxe
 20900 | D:12     | Identified a +0 war axe
 20900 | D:12     | Identified a +0 long sword
 20983 | D:12     | HP: 29/118 [skeletal warrior/+0 long sword (11)]
 21063 | D:12     | Identified a +0 chain mail
 21197 | D:12     | Identified a +0 mace of protection
 21315 | D:12     | Identified a +0 giant spiked club
 21315 | D:12     | Identified a +0 giant club
 21440 | D:12     | Identified a ring of protection from fire
 21813 | D:11     | Identified a +0 dagger of draining
 21991 | D:11     | Identified 3 potions of mutation
 21991 | D:11     | Gained mutation: Your flesh is cold resistant. (rC+)
                  | [potion of mutation]
 21991 | D:11     | Gained mutation: You are partially covered in iridescent
                  | scales. (AC +2) [potion of mutation]
 21992 | D:11     | Identified 2 potions of resistance
 21993 | D:11     | Identified a potion of might
 22001 | D:11     | Reached skill level 4 in Polearms
 22005 | D:11     | Reached skill level 2 in Dodging
 22029 | D:11     | Killed rbyellow5's ghost
 22058 | D:11     | Bought a glowing rapier for 224 gold pieces
 22058 | D:11     | Identified a +5 rapier of electrocution (You bought it in a
                  | shop on level 11 of the Dungeon)
 22058 | D:11     | Identified 7 potions of curing
 22279 | D:13     | Identified a +0 dagger
 22279 | D:13     | Identified a +0 robe
 22313 | D:13     | Identified a +2 rapier of holy wrath
 22424 | D:13     | Reached skill level 6 in Invocations
 22469 | D:13     | Identified a +0 giant club
 22469 | D:13     | Identified a +0 dire flail
 22476 | D:13     | Reached skill level 8 in Ice Magic
 22484 | D:13     | Identified a +0 dagger
 22484 | D:13     | Identified a +0 scale mail
 22501 | D:13     | HP: 22/118 [burnt (22)]
 22501 | D:13     | Killed from afar by a deep elf pyromancer

Table legend: (Time is in decaauts)
 A = Elapsed time spent in this place.
 B = Non-inter-level travel time spent in this place.
 C = Inter-level travel time spent in this place.
 D = Time resting spent in this place.
 E = Time spent auto-exploring this place.
 F = Levels seen in this place.
 G = Mean time per level.
                   A        B        C        D        E       F      G
               +--------+--------+--------+--------+--------+-----+--------+
         Total |  24896 |  22850 |   2046 |   3479 |  14107 |  22 | 1131.6 |
       Dungeon |  15227 |  13956 |   1271 |   1951 |   9062 |  13 | 1171.3 |
        Temple |      1 |      1 |      0 |      0 |      0 |   1 |    1.0 |
          Lair |   6494 |   5830 |    664 |    854 |   3628 |   5 | 1298.8 |
  Orcish Mines |   2520 |   2411 |    109 |    663 |   1053 |   2 | 1260.0 |
      Gauntlet |    652 |    652 |      0 |     10 |    363 |   1 |  652.0 |
               +--------+--------+--------+--------+--------+-----+--------+

Top non-repeatable levels by time:
     D:5: 1750 daAuts
     D:9: 1683 daAuts
     D:2: 1567 daAuts
  Lair:5: 1546 daAuts
   Orc:2: 1541 daAuts
  Lair:1: 1505 daAuts
     D:6: 1433 daAuts
     D:7: 1429 daAuts
    D:11: 1411 daAuts
  Lair:3: 1393 daAuts
     D:1: 1377 daAuts
  Lair:2: 1287 daAuts
    D:10: 1237 daAuts
     D:8: 1102 daAuts
   Orc:1: 978 daAuts

Table legend:
 A = Kills in this place as a percentage of kills in the entire game.
 B = Kills by you in this place as a percentage of kills by you in the entire game.
 C = Kills by friends in this place as a percentage of kills by friends in the entire game.
 D = Other kills in this place as a percentage of other kills in the entire game.
 E = Experience gained in this place as a percentage of experience gained in the entire game.
 F = Experience gained in this place divided by the number of levels of this place that you have seen.
                   A       B       C       D       E      F
               +-------+-------+-------+-------+-------+----------------------
         Total | 100.0 | 100.0 | 100.0 | 100.0 | 100.0 | 5154.6
       Dungeon |  48.5 |  52.4 |  13.1 |   0.0 |  29.7 | 2591.2
          Lair |  29.4 |  28.1 |  41.0 |  50.0 |  43.1 | 9771.4
  Orcish Mines |  19.5 |  16.6 |  45.9 |  50.0 |  23.4 | 13289.0
      Gauntlet |   2.5 |   2.8 |   0.0 |   0.0 |   3.8 | 4282.0
               +-------+-------+-------+-------+-------+----------------------

Skill      XL: |  1  2  3  4  5  6  7  8  9 10 11 12 13 14 15 |
---------------+----------------------------------------------+-----
Short Blades   | 2 3 4 6 9 10 12 13 14 | 14.0
Stealth        | 5 6 7 10 | 10.0
Alchemy        | 1 2 4 |  4.0
Conjurations   | 1 2 3 4 6 8 |  8.0
Translocations | 1 2 3 |  3.0
Ice Magic      | 1 2 3 6 8 |  8.0
Spellcasting   | 3 4 6 8 |  8.0
Hexes          | 4 5 7 8 |  8.0
Evocations     | 3 5 |  5.4
Fighting       | 3 5 8 |  8.3
Necromancy     | 3 5 |  5.0
Fire Magic     | 3 6 8 |  8.0
Armour         | 4 |  4.4
Invocations    | 3 6 |  6.0
Polearms       | 4 |  4.4
Dodging        | 2 |  2.3

Action                     |  1- 3 |  4- 6 |  7- 9 | 10-12 | 13-15 || total
---------------------------+-------+-------+-------+-------+-------++-------
  Melee: Dagger            |   125 |   133 |   177 |   103 |    14 ||   552
         Punch             |     1 |     4 |     7 |    61 |   242 ||   315
         Short sword       |       |    32 |       |       |       ||    32
         Rapier            |       |       |    69 |   482 |  1537 ||  2088
         Constrict         |       |       |       |       |   205 ||   205
  Throw: Boomerang         |       |       |     1 |    27 |       ||    28
         Throwing net      |       |       |       |       |     2 ||     2
   Cast: Ensorcelled Hiber |     7 |    36 |    62 |    83 |     9 ||   197
         Sting             |       |     3 |       |     4 |       ||     7
         Fireball          |       |       |       |       |    16 ||    16
         Blink             |       |       |       |       |     5 ||     5
 Invoke: Ancestor Life: He |       |       |       |     1 |       ||     1
         Recall Ancestor   |       |       |       |       |     2 ||     2
         Idealise          |       |       |       |       |     2 ||     2
Ability: Spit Poison       |     9 |    12 |     5 |     6 |       ||    32
  Evoke: Wand              |       |       |     1 |    10 |    23 ||    34
         Phantom mirror    |       |       |       |       |     1 ||     1
    Use: Potion            |     1 |       |       |       |     9 ||    10
         Scroll            |       |       |     7 |    18 |    12 ||    37
   Stab: Sleeping          |    12 |    28 |    50 |    51 |    12 ||   153
         Distracted        |       |     1 |       |     7 |    16 ||    24
         Confused          |       |       |       |       |    35 ||    35
         Paralysed         |       |       |       |       |    13 ||    13
 Armour: Robe              |    84 |   139 |       |    92 |   982 ||  1297
         Troll leather arm |       |    33 |   174 |   319 |       ||   526
  Dodge: Dodged            |    60 |    71 |    69 |   152 |   273 ||   625
  Block: Other             |       |       |       |    74 |   170 ||   244
         Reflection        |       |       |       |     1 |     5 ||     6

Vanquished Creatures
  2 orc warlords (Orc:2)
  The ghost of rbyellow5 the Warrior, a journeyman OnWr of the Shining One (D:11)
  Nessos (Lair:4)
  The ghost of zenocrate the Swashbuckler, a journeyman KoDe of Gozag (Orc:1)
  A minotaur (Gauntlet)
  Josephine (Orc:1)
  Fannar (Lair:2)
  2 hydras
  Harold (D:9)
  7 two-headed ogres
  4 death yaks
  2 orc high priests
  6 skeletal warriors
  3 arcanists
  The ghost of zenocrate the Martial Artist, a novice OpDe of Gozag (D:7)
  6 orc knights (Orc:2)
  Pikel (D:7)
  2 ugly things
  3 orc sorcerers (Orc:2)
  2 cyclopes
  A manticore (D:11)
  3 black mambas
  3 kobold blastminers
  A moth of wrath (D:7)
  An ice statue (Gauntlet)
  11 elephants
  Maggie (D:9)
  13 cane toads
  2 torpor snails (Lair:1)
  An unseen horror (D:11)
  5 rime drakes
  Psyche (D:9)
  10 komodo dragons
  8 trolls
  A queen bee (Gauntlet)
  5 polar bears
  4 blink frogs (Lair:3)
  7 hornets
  The ghost of bakla the Digger, an amateur HuEE (D:6)
  6 saltlings (Orc:2)
  2 dream sheep (Lair:5)
  8 slime creatures (D:13)
  A snapping turtle (Lair:2)
  A water elemental (Lair:2)
  A vampire (D:10)
  6 wyverns
  10 spriggans (Lair:5)
  A shadow (D:10)
  5 wraiths
  29 yaks
  4 wargs
  2 basilisks
  9 vampire mosquitoes
  2 nagas (Lair:3)
  An acid dragon (D:11)
  9 water moccasins
  Pargi (D:3)
  24 orc warriors
  2 black bears
  A sky beast (D:7)
  4 ogres
  An ice beast (D:5)
  4 boggarts (Lair:5)
  22 wolves
  A centaur (D:8)
  3 lemures (D:7)
  2 kobold brigands
  15 bullfrogs
  A gnoll sergeant (D:6)
  2 scorpions
  4 wights (D:10)
  19 killer bees
  7 electric eels
  3 howler monkeys
  2 jellies
  9 orc priests
  A gnoll bouda (D:5)
  5 hounds
  Terence (D:2)
  A sleepcap (D:5)
  Natasha (D:3)
  An iguana (D:6)
  15 orc wizards
  6 hell rats (Lair:1)
  7 gnolls
  10 adders
  6 shadow imps
  4 white imps
  6 ufetubi
  A ribbon worm (D:2)
  4 dart slugs
  72 orcs
  6 ball pythons
  10 bats
  7 endoplasms
  A giant cockroach (D:2)
  9 goblins
  9 hobgoblins
  11 jackals
  3 quokkas
  4 frilled lizards
  17 kobolds
  8 rats
577 creatures vanquished.

Vanquished Creatures (collateral kills)
  A hydra (Lair:5)
  2 skeletal warriors (D:11)
  2 orc knights (Orc:2)
  A slime creature (D:13)
  An elephant (Lair:5)
  A gargoyle (D:12)
  4 cane toads (Lair:5)
  A troll (D:12)
  A polar bear (Lair:5)
  3 saltlings (Orc:2)
  A blink frog (Lair:3)
  3 spriggans (Lair:5)
  3 wraiths (Orc:1)
  2 yaks
  A basilisk (Lair:1)
  A steam dragon (Lair:3)
  A vampire mosquito (D:13)
  2 water moccasins
  5 orc warriors (Orc:2)
  3 black bears
  2 ogres (Orc:2)
  5 wolves
  A bullfrog (Lair:1)
  An orc priest (Orc:2)
  An orc wizard (Orc:2)
  A hell rat (Lair:1)
  11 orcs
61 creatures vanquished.

Vanquished Creatures (others)
  10 hexers
  4 ancestors
14 creatures vanquished.

Grand Total: 652 creatures vanquished
